 Dungeon Crawl Stone Soup version 0.18-a0-1203-gbde16db (webtiles) character file.

162 wirefist the Gusty (level 5, 0/38 HPs)
             Began as a Draconian Air Elementalist on Feb 1, 2016.
             Slain by a big kobold
             ... wielding a +0 short sword
              (4 damage)
             ... in a sewer.
             The game lasted 00:22:48 (3513 turns).

wirefist the Gusty (Draconian Air Elementalist)     Turns: 3513, Time: 00:22:48

Health: 0/38       AC:  5    Str: 10    XL:     5   Next: 19%
Magic:  4/9        EV: 12    Int: 17    God:
Gold:   61         SH:  0    Dex: 11    Spells: 4 memorised, 2 levels left

rFire  . . .     SeeInvis .     c - -1 dagger (curse)
rCold  . . .     Gourm    .     (armour unavailable)
rNeg   . . .     Faith    .     (no shield)
rPois  .         Spirit   .     (helmet restricted)
rElec  .         Dismiss  .     (no cloak)
rCorr  .         Reflect  .     (no gloves)
SustAt .         Harm     .     (no boots)
MR     .....                    (no amulet)
Stlth  +.........               (no ring)
                                (no ring)

@: not resistant to hostile enchantments, very unstealthy
A: unfitting armour, cold-blooded, AC +5
a: no special abilities


You were in a sewer.
You were not hungry.

You visited 1 branch of the dungeon, and saw 3 of its levels.
You also visited: Sewer.

You collected 61 gold pieces.

Inventory:

Hand Weapons
 c - a cursed -1 dagger (weapon)
Scrolls
 m - 3 scrolls of identify
Potions
 i - a potion of cancellation {unknown}
 k - a potion of might {unknown}
Books
 a - a book of Air

   Spells                             Type                      Level
   a - Shock                          Conjuration/Air              1
   b - Swiftness                      Charms/Air                   2
   c - Repel Missiles                 Charms/Air                   2
   d - Static Discharge               Conjuration/Air              3
   e - Lightning Bolt                 Conjuration/Air              5
Comestibles
 b - a bread ration
 h - 2 fruits
 j - a beef jerky


   Skills:
 + Level 2.5 Dodging
 + Level 2.5 Stealth
 + Level 3.0 Spellcasting
 + Level 2.2 Conjurations
 + Level 3.9 Air Magic


You had 2 spell levels left.
You knew the following spells:

 Your Spells              Type           Power        Failure   Level  Hunger
a - Shock                 Conj/Air       ##..         6%          1    None
b - Swiftness             Chrm/Air       #.......     14%         2    ##.....
c - Repel Missiles        Chrm/Air       #.....       14%         2    ##.....
d - Static Discharge      Conj/Air       ##......     17%         3    ###....


Dungeon Overview and Level Annotations

Branches:
Dungeon (3/15)

Altars:
Ashenzari
Dithmenos

Annotations:
D:2 Sigmund


Innate Abilities, Weirdness & Mutations

Your plain brown scales are hard (AC +5).
Your body does not fit into most forms of armour.
You are cold-blooded and may be slowed by cold attacks.


Message History

You enter the shallow water.
Moving in this stuff is going to be slow.
The big kobold hits you with a short sword.
* * * LOW HITPOINT WARNING * * *
The big kobold hits you but does no damage.
Things that are here:
a short sword; a kobold corpse The big kobold closely misses you.
The big kobold hits you with a short sword!
* * * LOW HITPOINT WARNING * * *
You enter the shallow water.
Moving in this stuff is going to be slow.
You enter the shallow water.
Moving in this stuff is going to be slow.
The big kobold barely misses you.
The big kobold hits you with a short sword.
* * * LOW HITPOINT WARNING * * *
The big kobold closely misses you.
The big kobold hits you with a short sword.
You die...

### ############ #∩# ##
#...≈≈..≈≈.###.### .#..
#.≈≈≈≈≈.≈≈≈......##
#..†.#≈≈≈≈≈≈≈≈≈≈≈≈≈≈≈≈≈≈
....)†.≈≈≈≈≈≈≈≈≈≈≈≈≈≈≈≈≈
#†@≈≈≈≈≈≈≈≈≈≈≈≈)≈≈≈
#≈.K≈≈≈≈.≈≈..≈...##
#..≈.(≈..≈≈#######
#########≈## #≈# #≈# #≈#
#≈# #≈#


You could see a big kobold.

Vanquished Creatures
  4 gnolls (D:2)
  3 adders
  A river rat (D:3)
  3 oozes
  A worm (D:3)
  5 giant geckos (D:1)
  6 giant cockroaches (D:1)
  8 goblins
  2 hobgoblins
  4 jackals
  2 quokkas
  3 ball pythons
  2 bats
  4 giant newts (D:1)
  14 kobolds
  9 rats
71 creatures vanquished.

Notes
Turn   | Place    | Note
--------------------------------------------------------------
     0 | D:1      | wirefist the Draconian Air Elementalist began the quest for the Orb.
     0 | D:1      | Reached XP level 1. HP: 14/14 MP: 3/3
   494 | D:1      | Reached XP level 2. HP: 20/20 MP: 5/5
  1086 | D:1      | Reached XP level 3. HP: 19/26 MP: 0/6
  1213 | D:1      | Learned a level 2 spell: Swiftness
  1721 | D:2      | Found a shadowy altar of Dithmenos.
  1789 | D:2      | Noticed Sigmund
  2039 | D:2      | Reached XP level 4. HP: 20/33 MP: 1/8
  2266 | D:2      | Learned a level 2 spell: Repel Missiles
  2270 | D:2      | Learned a level 3 spell: Static Discharge
  3045 | D:3      | Found a shattered altar of Ashenzari.
  3082 | D:3      | Found a glowing drain.
  3113 | D:3      | Reached XP level 5. HP: 19/38 MP: 0/9
  3327 | Sewer    | Entered a sewer
  3513 | Sewer    | Slain by a big kobold

Vault maps used:
D:1:      dpeg_arrival_three_smaller_balls
D:2:      nicolae_dithmenos_shadow_blocks, uniq_sigmund
D:3:      nicolae_overflow_crystal_walls, portal_sewer_entry_c, minivault_25,
          hangedman_decor_points
Sewer:    sewer_kobolds

Action                   |  1- 3 |  4- 6 || total
-------------------------+-------+-------++-------
Melee: Unarmed           |    23 |       ||    23
       Dagger            |    78 |    66 ||   144
 Cast: Shock             |    48 |    50 ||    98
       Swiftness         |     1 |       ||     1
       Static Discharge  |       |     2 ||     2
  Use: Scroll            |     6 |       ||     6
       Potion            |       |     2 ||     2
 Stab: Sleeping          |     3 |       ||     3
  Eat: Chunk             |     3 |     6 ||     9
